Map: Tours du crépuscule

Players

XiaoWangZi - Winner!

  • Race: Terran Terran
  • League: Master

Firewoll

  • Race: Terran Terran
  • League: Master

VOD

Have the link to the VOD?

Description

Time

  • Played on: April 4, 2016, 3:18 p.m.
  • Length: 12:11
Show
View Real Time Build Order
Export as new Build Order

XiaoWangZi Terran - Winner!

Build Orders: Banshee Rush 

Get SALT Encoding   

  12  0:01  SCV  
  13  0:13  SCV  
  14  0:17  Supply Depot  
  14  0:25  SCV  
  15  0:33  Refinery  
  15  0:39  SCV  
  16  0:46  Barracks  
  16  0:56  SCV  
  17  0:58  Refinery  
  17  1:08  SCV  
  18  1:20  SCV  
  19  1:33  Orbital Command  
  19  1:35  Marine  
  20  1:44  Factory  
  20  1:56  Marine  
  20  1:57  Bunker  
  21  2:01  SCV  
  21  2:13  Supply Depot  
  21  2:15  SCV  
  22  2:16  Marine  
  23  2:27  Barracks  
  23  2:35  Hellion, Marine  
  26  2:37  SCV  
  27  2:49  SCV  
  28  2:52  Starport  
  28  2:54  Marine  
  29  3:00  Supply Depot  
  29  3:01  SCV  
  30  3:13  Marine  
  31  3:21  Hellion, SCV, Marine  
  31  3:25  Supply Depot  
  35  3:28  Starport Tech Lab  
  35  3:33  SCV  
  36  3:42  Barracks Tech Lab, Barracks Reactor  
  36  3:46  Cloaking Field  
  36  3:47  Banshee  
  39  4:02  SCV  
  40  4:03  Factory Tech Lab  
  40  4:04  Command Center  
  40  4:06  Marine  
  41  4:24  SCV, Marine  
  39  4:25  Siege Tank, Marine x2  
  39  4:31  Supply Depot  
  45  4:38  SCV  
  45  4:50  Supply Depot  
  45  4:51  Marine  
  45  4:52  Banshee  
  49  4:57  SCV  
  50  5:01  Marine x2  
  52  5:07  Stimpack  
  52  5:19  Engineering Bay  
  52  5:20  Marine  
  49  5:36  Marine  
  49  5:41  Marine x2  
  48  5:48  Missile Turret  
  44  5:56  Marine  
  44  5:59  Marine  
  44  6:00  SCV  
  44  6:03  Orbital Command  
  46  6:04  Missile Turret  
  46  6:12  SCV  
  46  6:13  Marine  
  48  6:19  Starport Reactor  
  48  6:24  SCV  
  49  6:29  Missile Turret, SCV  
  49  6:32  Marine  
  51  6:33  Marine  
  52  6:44  SCV  
  52  6:46  Marine  
  51  6:48  Siege Tank  
  51  6:49  SCV  
  55  6:56  Marine, SCV  
  55  7:01  SCV  
  58  7:03  Viking  
  60  7:19  Marine  
  60  7:20  Marine  
  60  7:22  SCV x2  
  61  7:23  Viking  
  61  7:24  Marine  
  64  7:34  SCV x2  
  64  7:35  Viking  
  68  7:37  Marine  
  69  7:49  Marine  
  69  7:50  Marine  
  70  8:00  SCV x2  
  70  8:02  Viking  
  73  8:12  SCV  
  73  8:13  SCV  
  73  8:17  Viking  
  73  8:18  Marine  
  78  8:20  Marine  
  78  8:22  Supply Depot  
  78  8:23  Marine  
  78  8:25  SCV x2  
  76  8:35  Marine  
  76  8:38  Marine  
  76  8:39  Viking  
  80  8:44  Marine  
  80  8:47  Viking  
  80  8:48  SCV x2  
  84  8:53  Marine  
  84  8:55  Marine  
  84  8:59  Siege Tank  
  84  9:02  SCV, Marine  
  88  9:03  SCV  
  90  9:11  Marine  
  90  9:13  Marine  
  90  9:15  SCV  
  93  9:20  Marine  
  94  9:30  Command Center  
  94  9:43  Marine  
  94  9:46  SCV  
  94  9:51  Marine x2, SCV  
  94  9:56  Supply Depot  
  94  9:57  Supply Depot  
  94  10:14  Supply Depot x2  
  94  10:18  Medivac x2, Siege Tank, Marine  
  102  10:27  Marine x2  
  104  10:42  Marine  
  102  10:45  Marine  
  102  10:48  Marine  
  103  10:50  Siege Tank  
  105  11:00  Marine  
  105  11:02  Marine  
  95  11:05  Medivac  
  95  11:06  Marine  
  97  11:13  SCV x2  
  97  11:18  Marine  
  98  11:20  Marine  
  98  11:22  Siege Tank  
  98  11:23  Marine  
  99  11:25  SCV x2  
  94  11:36  Marine  
  94  11:37  SCV  
  94  11:38  Orbital Command, SCV  
  96  11:46  Marine x2  
  97  11:50  SCV x2  
  97  11:52  Engineering Bay, Barracks  
  101  11:57  Barracks  
Show
View Real Time Build Order
Export as new Build Order

Firewoll Terran 

Build Orders:  

Get SALT Encoding   

  12  0:01  SCV  
  13  0:13  SCV  
  14  0:18  Supply Depot  
  14  0:27  SCV  
  15  0:40  Barracks  
  15  0:45  Refinery  
  15  0:58  Barracks  
  15  1:09  SCV  
  16  1:21  SCV  
  17  1:29  Barracks  
  17  1:33  Reaper  
  17  1:35  Refinery  
  18  1:46  Reaper  
  19  1:50  SCV  
  19  2:03  SCV  
  20  2:11  Reaper  
  20  2:15  Orbital Command  
  21  2:24  Supply Depot  
  21  2:37  Factory  
  21  2:51  SCV  
  22  3:03  SCV  
  23  3:15  Supply Depot, SCV  
  24  3:21  Starport  
  24  3:23  Factory Tech Lab  
  24  3:27  SCV  
  25  3:36  Supply Depot  
  25  3:40  SCV  
  26  3:49  Widow Mine  
  26  3:52  SCV  
  26  3:55  Barracks Tech Lab  
  29  4:03  Cloaking Field  
  29  4:04  Banshee  
  29  4:09  SCV  
  33  4:15  Marauder, Marine  
  35  4:31  SCV  
  35  4:32  Marine x2  
  38  4:44  Command Center  
  38  4:52  Stimpack  
  41  4:57  Raven  
  41  4:59  SCV  
  41  5:10  Command Center  
  37  5:15  SCV  
  31  5:35  SCV  
  32  5:40  Viking  
  30  5:47  SCV  
  24  5:59  SCV  
  24  6:10  Banshee  
  27  6:16  SCV  
  28  6:28  Orbital Command  
  26  6:45  Orbital Command  
  26  6:58  SCV  
  26  6:59  SCV  
  28  7:10  SCV  
  26  7:17  SCV x2  
  25  7:24  SCV  
  25  7:25  Orbital Command  
  25  7:29  SCV  
  27  7:36  SCV  
  28  7:41  SCV  
  29  7:48  SCV  
  30  7:51  SCV  
  30  7:53  SCV  
  32  8:00  SCV  
  32  8:01  Starport Reactor  
  32  8:04  SCV  
  32  8:05  SCV  
  35  8:12  SCV  
  36  8:16  SCV  
  36  8:17  SCV  
  38  8:24  SCV  
  38  8:26  Barracks Reactor x2  
  39  8:27  Siege Tank  
  39  8:29  SCV  
  42  8:37  SCV  
  46  8:41  SCV  
  47  8:49  SCV, Marine  
  49  8:58  Supply Depot  
  42  9:13  Marine x2  
  42  9:15  Marine  
  46  9:19  Marine  
  46  9:20  SCV  
  46  9:22  Supply Depot x2  
  48  9:25  Starport, SCV  
  49  9:34  SCV  
  49  9:36  Factory Tech Lab  
  48  9:58  Barracks x2  
  48  9:59  Refinery x2, Barracks  
  44  10:09  Siege Tank  
  44  10:12  Starport Tech Lab  
  46  10:16  SCV x2  
  48  10:32  Banshee  
  38  10:57  Barracks Tech Lab  
  38  10:58  Marine  
  38  11:02  Factory Tech Lab  
  21  11:11  SCV  
  21  11:15  Banshee  
  21  11:17  Marine x3  
  26  11:23  SCV  
Tags
 
Add a new tag
Caveats
  • Supply blocks, unpowered buildings, or Contaminate may cause inaccurate times.
  • Supply counts are checked every 10 seconds.